 Dungeon Crawl Stone Soup version 0.24-a0-581-gc0fa660 (webtiles) character file.

Game seed: 9829782897173054515

18564 KarmaPolice the Covert (level 12, -11/94 HPs)
             Began as a Vampire Assassin on Aug 26, 2019.
             Was a High Priest of Makhleb.
             Mangled by a torpor snail (13 damage)
             ... on level 2 of the Lair of Beasts.
             The game lasted 01:36:31 (15981 turns).

KarmaPolice the Covert (Vampire Assassin)          Turns: 15981, Time: 01:36:32

Health: -11/94     AC: 10    Str: 11    XL:     12   Next: 28%
Magic:  19/19      EV: 12    Int: 14    God:    Makhleb [*****.]
Gold:   1162       SH:  0    Dex: 24    Spells: 11/14 levels left

rFire    + + .     SeeInvis +   B - +1 short sword (elec)
rCold    + . .     Gourm    .   (no shield)
rNeg     . . .     Faith    .   e - +1 leather armour {rF+}
rPois    .         Spirit   .   z - +0 helmet
rElec    .         Reflect  .   r - scarf {rC+ rF+}
rCorr    +         Harm     .   O - +0 pair of gloves
MR       +++..                  D - +0 pair of boots of the Other Side {MR++ rCorr}
Stlth    +++++.....             K - amulet of the acrobat
HPRegen  0.45/turn              S - +5 ring of dexterity
MPRegen  0.16/turn              J - +3 ring of protection

@: flying, regenerating quickly, slowed, very slow
A: no food, fangs 3, see invisible, unbreathing
a: Exsanguinate, Minor Destruction, Lesser Servant of Makhleb, Major
Destruction, Greater Servant of Makhleb, Renounce Religion


You were on level 2 of the Lair of Beasts.
You worshipped Makhleb.
Makhleb was extremely pleased with you.
You were alive.

You visited 4 branches of the dungeon, and saw 17 of its levels.
You also visited: Sewer.

You collected 1442 gold pieces.
You spent 280 gold pieces at shops.

Inventory:

Hand Weapons
 a - a +2 dagger
 o - a +0 short sword of venom
 B - a +1 short sword of electrocution (weapon)
Missiles
 l - 5 boomerangs
 p - 386 stones
 N - 20 poisoned darts (quivered)
 P - a curare-tipped dart
 Y - a throwing net
Armour
 e - a +1 leather armour of fire resistance (worn)
 r - a scarf of resistance (worn)
 z - a +0 helmet (worn)
 D - the +0 pair of boots of the Other Side (worn) {MR++ rCorr}
   (You found it on level 5 of the Dungeon)

   It affects your resistance to hostile enchantments.
   It provides partial protection from all sources of acid and corrosion.
 O - a +0 pair of gloves (worn)
 T - the +4 plate armour "Caucsyud" {rN+ Dex+6, unknown}
   (You found it on level 7 of the Dungeon)

   It affects your dexterity (+6).
   It protects you from negative energy.
Jewellery
 j - a cursed ring of attention {unknown}
 J - a +3 ring of protection (right hand)
 K - an amulet of the acrobat (around neck)
 S - a +5 ring of dexterity (left hand)
 U - the ring "Ozoas" {rC++ rN+}
   (You found it on level 7 of the Dungeon)

   [ring of positive energy]

   It greatly protects you from cold.
   It protects you from negative energy.
 X - an uncursed ring of protection from magic
Wands
 b - a wand of paralysis (6)
 d - a wand of disintegration (12)
 y - a wand of acid (7)
 A - a wand of flame (11)
 Q - a wand of clouds (3)
Scrolls
 c - 2 scrolls of fog
 k - 4 scrolls of identify
 m - 3 scrolls of amnesia
 q - 6 scrolls of remove curse
 t - a scroll of immolation
 u - a scroll of blinking {unknown}
 v - 3 scrolls of magic mapping
 w - 3 scrolls of fear
 F - 2 scrolls of random uselessness {unknown}
 I - 6 scrolls of teleportation
 L - 3 scrolls of enchant weapon {unknown}
 M - a scroll of noise {unknown}
 W - a scroll of holy word {unknown}
 Z - a scroll of vulnerability {unknown}
Potions
 f - 2 potions of lignification
 g - 3 potions of invisibility
 h - 2 potions of resistance
 i - 2 potions of haste {unknown}
 n - 5 potions of curing
 s - 4 potions of flight
 x - a potion of degeneration {unknown}
 E - a potion of ambrosia {unknown}
 G - 3 potions of might
 H - 4 potions of brilliance {unknown}
 V - a potion of agility {unknown}
Miscellaneous
 C - a fan of gales
 R - a sack of spiders


   Skills:
 + Level 8.4 Fighting
 - Level 4.6 Short Blades
 - Level 7.3 Throwing
 - Level 1.1 Dodging
 - Level 11.0 Stealth
 + Level 1.8 Spellcasting
 - Level 9.2 Hexes
 + Level 3.2 Transmutations
 - Level 6.7 Invocations
 + Level 9.5 Evocations


You had 11 spell levels left.
You knew the following spells:

 Your Spells              Type           Power        Failure   Level  Hunger
a - Confusing Touch       Hex            ####..       1%          1    N/A
b - Passwall              Tmut/Erth      #.......     24%         2    N/A

Your spell library contained the following spells:

 Spells                   Type           Power        Failure   Level  Hunger
 Beastly Appendage        Tmut           ##....       9%          1    N/A
 Sticks to Snakes         Tmut           ##......     13%         2    N/A
 Animate Skeleton         Necr           N/A          32%         1    N/A
 Apportation              Tloc           #.....       32%         1    N/A
 Sandblast                Erth           #.....       32%         1    N/A
 Summon Small Mammal      Summ           #...         32%         1    N/A
 Spider Form              Tmut/Pois      #.........   43%         3    N/A
 Stone Arrow              Conj/Erth      #.....       67%         3    N/A
 Ice Form                 Ice/Tmut       #.......     85%         4    N/A
 Petrify                  Tmut/Erth      #.......     85%         4    N/A
 Blade Hands              Tmut           ##........   93%         5    N/A
 Lee's Rapid Deconstruct  Erth           #.........   100%        5    N/A

Dungeon Overview and Level Annotations

Branches:
Dungeon (12/15)            Temple (1/1) D:5            Lair (2/6) D:10
    Orc (2/2) D:10          Sewer (visited)
  Swamp: Lair:2-4    Shoals: Lair:2-4     Snake: Lair:2-4    Spider: Lair:2-4
    Elf: Orc:2

Altars:
Ashenzari
Elyvilon
Gozag
Hepliaklqana
Makhleb
Sif Muna
Uskayaw
Xom
Yredelemnul
The Shining One
Jiyva

Shops:
D:6 :   D:7 *

Portals:
Trove: D:10 (give 2 scrolls of acquirement)

Annotations:
D:4 Menkaure
D:10 3 runed translucent doors, particleface's ghost, journeyman FoAK
D:12 Jorgrun
Lair:1 1 runed translucent door, Gunch's ghost, journeyman MiBe


Innate Abilities, Weirdness & Mutations

You do not eat.
Your natural rate of healing is unusually fast.
You have razor-sharp teeth.
You have supernaturally acute eyesight. (SInv)
You can survive without breathing.


Message History

The torpor snail resists with significant effort.
The torpor snail bites you.
* * * LOW HITPOINT WARNING * * *
Evoke which item? (* to show all) (? for menu, Esc to quit)
Aiming: Paralyse
Press: ? - help, Shift-Dir - straight line, f/p - torpor snail
Aim: a torpor snail (lightly wounded, chance to confuse on hit: 46%, chance to defeat MR: 54%)
The torpor snail resists with significant effort.
The torpor snail bites you!!
* * * LOW HITPOINT WARNING * * *
You feel better. The torpor snail bites you!
* * * LOW HITPOINT WARNING * * *
You feel better. The torpor snail bites you!
* * * LOW HITPOINT WARNING * * *
It was a potion of flight.
You feel very buoyant.
You fly up into the air.
Your hands stop glowing.
The torpor snail bites you!
You die...

.................................
.............................###.
............................###.#
...........................## ###
..........................P#
....†..PP..................##
.....P.#P.................#.###
......##.P..............#.#...#
....#...##......@w.....####..P#
#####...###............###.#.## #
##...##.............####.###
##.##..............# #....##
#######.#...........##..# ####...
##P#.#...............#..# #.##
....#..............###.## ###
.##................# ..#
.##................# .#


You could see a torpor snail.

Vanquished Creatures
  Harold (D:9)
  A two-headed ogre (D:9)
  Pikel (D:5)
  A necromancer (Lair:2)
  2 manticores
  An elephant (D:10)
  2 centaur zombies (D:10)
  A spiny frog (Lair:2)
  2 komodo dragons (Lair:1)
  2 tengu conjurers (D:10)
  A troll (D:7)
  Grinder (D:5)
  4 hippogriffs
  A hornet (D:9)
  2 wyverns
  A wraith (D:11)
  15 yaks
  A basilisk (Lair:1)
  Grum (D:9)
  2 hungry ghosts
  6 water moccasins
  2 porcupines
  Duvessa (D:4)
  A sky beast (D:11)
  5 ice beasts
  13 orc warriors
  A black bear (D:10)
  An eye of draining (D:10)
  A necrophage (D:11)
  8 ogres
  A phantom (D:7)
  3 wolves (D:9)
  9 centaurs
  7 crocodiles
  A gnoll sergeant (D:10)
  12 bullfrogs
  Dowan (D:4)
  5 wyvern skeletons
  2 scorpions
  7 killer bees
  A wight (D:7)
  6 howler monkeys
  2 crimson imps (D:7)
  3 bullfrog zombies
  A gnoll shaman (D:10)
  4 hounds
  5 jellies
  9 orc wizards
  7 orc priests
  4 bullfrog skeletons
  2 centaur skeletons
  Ijyb (D:4)
  8 iguanas
  A killer bee zombie (D:6)
  11 worker ants
  2 hound skeletons
  A howler monkey zombie (D:8)
  3 worker ant zombies
  7 gnolls
  A howler monkey skeleton (D:4)
  17 adders
  3 river rats
  4 shadow imps
  5 oozes (D:10)
  An adder zombie (D:6)
  An adder skeleton (D:5)
  3 worms
  8 leopard geckos
  58 orcs
  3 ball pythons
  9 giant cockroaches
  4 goblins
  12 hobgoblins
  5 jackals
  3 quokkas
  10 bats
  13 frilled lizards
  8 kobolds
  17 rats
  2 river rat simulacra (Lair:2)
395 creatures vanquished.

Vanquished Creatures (others)
  2 slaves (D:6)
  A bullfrog (D:8)
  2 hounds (D:8)
  A worker ant (D:8)
  An adder (D:8)
7 creatures vanquished.

Grand Total: 402 creatures vanquished

Notes
Turn   | Place    | Note
-------+----------+-------------------------------------------
     0 | D:1      | KarmaPolice the Vampire Assassin began the quest for the
                  | Orb.
     0 | D:1      | Reached XP level 1. HP: 16/16 MP: 1/1
   103 | D:1      | Reached skill level 6 in Stealth
   114 | D:1      | Reached XP level 2. HP: 22/22 MP: 2/2
   166 | D:1      | Found a white marble altar of Elyvilon.
   478 | D:1      | Reached XP level 3. HP: 27/27 MP: 3/3
  1382 | D:2      | Found a shattered altar of Ashenzari.
  1382 | D:2      | Found a glowing golden altar of the Shining One.
  1690 | D:3      | Found a faded altar of an unknown god.
  1761 | D:3      | Reached XP level 4. HP: 30/33 MP: 4/4
  1779 | D:3      | Found a burning altar of Makhleb.
  1801 | D:3      | Became a worshipper of Makhleb the Destroyer
  2184 | D:3      | Found a glowing golden altar of the Shining One.
  2418 | D:4      | Reached XP level 5. HP: 39/39 MP: 5/5
  2427 | D:4      | Noticed Menkaure
  2485 | D:4      | Noticed Ijyb
  2496 | D:4      | Noticed Grinder
  2525 | D:4      | Reached skill level 7 in Stealth
  2618 | D:4      | Found a shimmering blue altar of Sif Muna.
  2646 | D:5      | Entered Level 5 of the Dungeon
  2723 | D:5      | Reached XP level 6. HP: 24/47 MP: 6/6
  2840 | D:5      | Found a basalt altar of Yredelemnul.
  2865 | D:5      | Got a pair of pitted boots
  2866 | D:5      | Identified the +0 pair of boots of the Other Side {MR++
                  | rCorr} (You found it on level 5 of the Dungeon)
  2886 | D:5      | Found a staircase to the Ecumenical Temple.
  2894 | D:5      | Reached skill level 1 in Evocations
  2905 | D:5      | Reached * piety under Makhleb
  2923 | Temple   | Entered the Ecumenical Temple
  2930 | D:5      | Found an opulent altar of Gozag.
  3044 | D:5      | Found a glowing drain.
  3077 | Sewer    | Entered a sewer
  3758 | D:4      | Killed Ijyb
  3820 | D:5      | Reached XP level 7. HP: 46/52 MP: 8/8
  3846 | D:5      | Found a white marble altar of Elyvilon.
  4077 | D:6      | Found Xerankal's Book Shop.
  4093 | D:6      | Found a hazy altar of Hepliaklqana.
  4094 | D:6      | Found a hide-covered altar of Uskayaw.
  4151 | D:6      | Noticed Pikel
  4167 | D:6      | Reached ** piety under Makhleb
  4190 | D:5      | Killed Pikel
  4190 | D:5      | Reached skill level 8 in Stealth
  4190 | D:5      | Reached XP level 8. HP: 61/61 MP: 10/10
  4744 | D:6      | Reached skill level 5 in Throwing
  4744 | D:6      | Reached skill level 9 in Stealth
  4991 | D:6      | Reached skill level 5 in Fighting
  5415 | D:7      | Found Qufuag's Mayhem Merchandise.
  5428 | D:7      | Noticed a troll
  5813 | D:7      | Reached skill level 10 in Stealth
  5813 | D:7      | Reached XP level 9. HP: 68/68 MP: 12/12
  6060 | D:7      | Reached skill level 1 in Invocations
  6060 | D:7      | Reached skill level 5 in Evocations
  6195 | D:7      | Noticed a manticore
  6283 | D:6      | Bought a book of Cantrips for 280 gold pieces
  6285 | D:6      | Learned a level 1 spell: Confusing Touch
  6567 | D:4      | Noticed Dowan
  6567 | D:4      | Noticed Duvessa
  6593 | D:5      | Killed Grinder
  6593 | D:5      | Reached skill level 1 in Hexes
  6830 | D:4      | Reached *** piety under Makhleb
  6871 | D:4      | Killed Duvessa
  6898 | D:4      | Killed Dowan
  7400 | D:7      | Killed a troll
  7592 | D:7      | Got a distressingly furry plate armour
  7594 | D:7      | Got a steaming marble ring
  7606 | D:7      | Identified the ring "Ozoas" {rC++ rN+} (You found it on
                  | level 7 of the Dungeon)
  7801 | D:7      | Killed a manticore
  7801 | D:7      | Reached skill level 5 in Hexes
  7801 | D:7      | Reached XP level 10. HP: 65/77 MP: 12/14
  8159 | D:8      | Found a shimmering altar of Xom.
  8466 | D:9      | Reached **** piety under Makhleb
  8887 | D:9      | Noticed Harold
  9041 | D:9      | Killed Harold
  9182 | D:9      | Reached skill level 5 in Invocations
  9422 | D:9      | Noticed a two-headed ogre
  9429 | D:9      | Killed a two-headed ogre
  9472 | D:9      | Noticed Grum
  9800 | D:9      | Reached ***** piety under Makhleb
  9928 | D:9      | Got a faintly humming robe
  9929 | D:9      | Identified the +2 robe of Chill Winds {*Contam Str+7} (You
                  | found it on level 9 of the Dungeon)
 10037 | D:9      | Reached XP level 11. HP: 80/84 MP: 14/16
 10070 | D:9      | Killed Grum
 10669 | D:10     | Entered Level 10 of the Dungeon
 10820 | D:10     | Found a staircase to the Orcish Mines.
 11082 | D:10     | Noticed a two-headed ogre
 11089 | D:10     | Noticed particleface's ghost (journeyman FoAK)
 11115 | D:10     | Found a runed translucent gate.
 11186 | D:10     | Found a runed translucent gate.
 11186 | D:10     | Found a runed translucent gate.
 11488 | D:10     | Found a staircase to the Lair.
 11993 | D:10     | Noticed a vault guard
 12320 | D:10     | Found a viscous altar of Jiyva.
 12370 | D:10     | Found a portal to a secret trove of treasure.
 12441 | Lair:1   | Entered Level 1 of the Lair of Beasts
 12520 | Lair:1   | Found a runed translucent door.
 12521 | Lair:1   | Noticed Gunch's ghost (journeyman MiBe)
 12718 | Orc:1    | Entered Level 1 of the Orcish Mines
 13699 | D:11     | Reached skill level 11 in Stealth
 14062 | D:12     | Noticed Jorgrun
 14175 | D:10     | Learned a level 2 spell: Passwall
 14392 | Orc:2    | Entered Level 2 of the Orcish Mines
 14549 | Lair:1   | Reached skill level 1 in Transmutations
 14660 | Lair:1   | Reached XP level 12. HP: 85/92 MP: 18/18
 14793 | Lair:1   | Noticed a six-headed hydra
 15213 | Lair:2   | Reached skill level 1 in Spellcasting
 15978 | Lair:2   | HP: 3/94 [torpor snail (18)]
 15981 | Lair:2   | Mangled by a torpor snail

Levels and vault maps discovered:
D:1:      sevenhm_arrival_forest_fort_small_3, layout_loops_cross,
          minmay_hexomino_r4
D:2:      layout_loops_ring, amethyst_overflow_temple_binary
D:3:      layout_loops_cross, makhleb_blood_cavern_becter,
          chequers_ecumenical_altar_simple_redux, minmay_misc_feat_tiny,
          nicolae_tso_carved_into_rock
D:4:      layout_cave_pools, lemuel_crystal_altar, first_ration, minmay_bent,
          uniq_grinder, uniq_duvessa, uniq_menkaure, uniq_ijyb
D:5:      layout_loops_ring, kennysheep_ying_yang, nicolae_gozag_seed_capital,
          minmay_temple_entry_statues_pillars, portal_sewer_entry_b
D:6:      layout_loops_ring, gammafunk_temple_overflow_pools, serial_shops,
          shop_statue, uniq_pikel
D:7:      minmay_the_grid_octo_tiled_octocenter
          [minmay_the_grid_octo_fan_narrow, minmay_the_grid_octo_pinwheel,
          minmay_the_grid_octo_fat_diamond, minmay_the_grid_octo_toaster,
          minmay_the_grid_octo_prize_star, minmay_the_grid_square_5x5_shrine2,
          minmay_the_grid_square_5x5_moneybag,
          minmay_the_grid_square_5x5_inner_i,
          minmay_the_grid_square_5x5_almost_minimal], layout_loops_ring,
          minmay_shop_mayhem
D:8:      layout_rooms, xom_confusion_cloud
D:9:      layout_grid_maze, special_room [special_room_orc], uniq_harold,
          uniq_grum
D:10:     layout_loops_ring, david_lair_generic, david_orc_2, enter_trove_5,
          gammafunk_ghost_split, hangedman_little_slice_of_home
D:11:     layout_loops_cross
D:12:     layout_roguey, kennysheep_opposing_triangles, uniq_jorgrun
Temple:   minmay_temple_bridge_abc
Lair:1:   layout_cave_pods, ebering_ghost_inner_flame,
          nicolae_lair_grove_arrangements
Lair:2:   layout_layer_cave, eino_house_with_fridge
Orc:1:    layout_diamond_mine
Orc:2:    st_orc_ogre_mass, layout_diamond_mine

Skill      XL: |  1  2  3  4  5  6  7  8  9 10 11 12 |
---------------+-------------------------------------+-----
Stealth        | 6 7 8 10 11 | 11.0
Fighting       | 2 3 4 5 6 7 8 |  8.4
Throwing       | 2 3 4 5 6 7 |  7.3
Short Blades   | 3 4 |  4.6
Evocations     | 1 3 4 6 7 9 |  9.5
Invocations    | 3 5 6 |  6.7
Hexes          | 5 6 9 |  9.2
Transmutations | 1 3 |  3.2
Spellcasting   | 1 |  1.8
Dodging        | |  1.1

Action                   |  1- 3 |  4- 6 |  7- 9 | 10-12 || total
-------------------------+-------+-------+-------+-------++-------
Melee: Dagger            |    58 |       |       |       ||    58
       Bite              |     9 |    15 |    41 |   141 ||   206
       Short sword       |    44 |   192 |   327 |   821 ||  1384
Throw: Dart              |       |     6 |    19 |    31 ||    56
       Stone             |       |       |    14 |    12 ||    26
 Cast: Confusing Touch   |       |       |     4 |    75 ||    79
Evoke: Wand              |       |       |     8 |     6 ||    14
  Use: Scroll            |       |     8 |     4 |     8 ||    20
       Potion            |       |       |     3 |     5 ||     8
 Stab: Sleeping          |    15 |    14 |    17 |    47 ||    93
       Distracted        |       |     1 |     1 |       ||     2
       Confused          |       |       |     3 |    52 ||    55
       Paralysed         |       |       |     1 |     1 ||     2
Armor: Robe              |    26 |    51 |    46 |       ||   123
       Leather armour    |       |       |    31 |   312 ||   343
Dodge: Dodged            |    70 |   106 |   186 |   442 ||   804

Table legend:
 A = Non-vault XP
 B = Vault XP
 C = Vault XP percentage of total XP
 D = Non-vault monster count
 E = Vault monster count
 F = Vault count percentage of total count
                 A         B        C        D         E       F
            +---------+---------+-------+---------+---------+-------
      Total |   18349 |    8171 |  30.8 |     274 |     121 |  30.6
            +---------+---------+-------+---------+---------+-------
        D:1 |      47 |       8 |  14.5 |      27 |       4 |  12.9
        D:2 |      20 |       0 |   0.0 |       9 |       0 |   0.0
        D:3 |      65 |      42 |  39.3 |      17 |       1 |   5.6
        D:4 |     179 |     275 |  60.6 |      13 |       7 |  35.0
        D:5 |     380 |     980 |  72.1 |      21 |      10 |  32.3
        D:6 |     948 |       0 |   0.0 |      25 |       0 |   0.0
        D:7 |     574 |    2441 |  81.0 |      11 |      27 |  71.1
        D:8 |     356 |     406 |  53.3 |      12 |       6 |  33.3
        D:9 |    2629 |    2216 |  45.7 |      30 |      32 |  51.6
       D:10 |    4082 |    1101 |  21.2 |      40 |      13 |  24.5
       D:11 |    3949 |       0 |   0.0 |      31 |       0 |   0.0
     Lair:1 |    1614 |       0 |   0.0 |       9 |       0 |   0.0
     Lair:2 |    3027 |     646 |  17.6 |      18 |       3 |  14.3
      Orc:1 |     479 |       0 |   0.0 |      11 |       0 |   0.0
      Sewer |       0 |      56 | 100.0 |       0 |      18 | 100.0
            +---------+---------+-------+---------+---------+-------
